Map: Jagannatha LE

Players

syncrodazt

  • Race: Terran Terran

VOD

Have the link to the VOD?

Description

Time

  • Played on: May 22, 2021, 8:32 a.m.
  • Length: 13:58
Show
View Real Time Build Order
Export as new Build Order

syncrodazt Terran 

Build Orders:  

Get SALT Encoding   

  12  0:00  SCV  
  13  0:17  SCV  
  14  0:25  Supply Depot  
  14  0:34  SCV  
  15  0:55  SCV  
  15  0:57  Barracks  
  16  1:04  Refinery  
  16  1:11  SCV  
  17  1:28  SCV  
  18  1:45  SCV  
  19  2:03  Marine, Orbital Command  
  20  2:20  Command Center  
  20  2:30  Barracks Reactor  
  20  2:45  Supply Depot  
  20  2:48  SCV  
  21  3:00  Factory  
  21  3:07  SCV  
  22  3:26  Refinery  
  22  3:28  Marine x2  
  24  3:34  SCV  
  25  3:51  SCV  
  25  3:55  Marine x2  
  28  4:06  Factory Tech Lab  
  28  4:09  SCV, Starport  
  29  4:11  Orbital Command  
  29  4:21  Marine x2  
  29  4:26  SCV  
  32  4:30  Barracks  
  32  4:39  Siege Tank  
  35  4:43  SCV  
  36  4:52  SCV  
  37  5:00  SCV  
  37  5:04  Supply Depot  
  37  5:09  SCV  
  39  5:13  Marine x2  
  39  5:17  Starport Reactor, SCV  
  42  5:26  SCV  
  43  5:32  Siege Tank  
  43  5:34  SCV  
  43  5:39  Supply Depot  
  47  5:43  SCV  
  47  5:48  Stimpack  
  47  5:49  Marine  
  49  5:50  Marine  
  49  5:51  SCV  
  49  5:52  Barracks Tech Lab  
  51  6:03  SCV  
  51  6:08  SCV  
  53  6:10  Medivac  
  55  6:20  SCV  
  55  6:24  Marine x2  
  55  6:25  SCV  
  59  6:37  SCV  
  59  6:38  Marine  
  61  6:42  SCV  
  61  6:46  Refinery  
  61  6:49  Refinery  
  62  6:53  Supply Depot  
  62  6:57  Supply Depot  
  62  6:59  SCV  
  63  7:01  Supply Depot  
  63  7:10  SCV  
  63  7:16  SCV  
  65  7:22  Engineering Bay  
  65  7:25  Engineering Bay  
  65  7:29  SCV, Command Center  
  66  7:31  Marine x2  
  66  7:33  SCV  
  69  7:41  Barracks  
  69  7:46  SCV  
  70  7:55  SCV  
  70  7:59  Marine x3  
  74  8:01  Siege Tank  
  74  8:02  SCV  
  74  8:04  Medivac  
  80  8:10  Supply Depot  
  80  8:12  SCV  
  80  8:19  SCV  
  82  8:24  Marine x2  
  82  8:26  Medivac  
  82  8:29  SCV  
  87  8:31  Infernal Pre-Igniter  
  87  8:46  Siege Tank  
  90  9:15  SCV x2  
  92  9:32  SCV  
  92  9:37  SCV  
  94  9:42  Terran Infantry Armor Level 1, Terran Infantry Weapons Level 1  
  94  9:45  Unknown  
  94  9:49  SCV  
  95  9:54  SCV, Command Center  
  96  10:02  Starport  
  96  10:04  Starport  
  96  10:07  Armory x2  
  96  10:09  Supply Depot  
  96  10:11  Supply Depot  
  96  10:12  Supply Depot, SCV x2  
  98  10:28  SCV  
  99  10:31  Orbital Command  
  99  10:41  SCV  
  99  10:44  Refinery  
  99  10:45  SCV  
  99  10:49  Refinery  
  101  10:55  Marine x3  
  101  10:58  SCV  
  105  11:02  SCV  
  105  11:04  Medivac, Starport Tech Lab  
  105  11:05  Medivac  
  105  11:06  Siege Tank  
  113  11:34  Starport Tech Lab  
  84  11:51  Siege Tank  
  61  12:51  Marine x2  
  65  13:04  Viking x4  
Tags
 
Add a new tag
Caveats
  • Supply blocks, unpowered buildings, or Contaminate may cause inaccurate times.
  • Supply counts are checked every 10 seconds.